 Dungeon Crawl Stone Soup version 0.25-a0-471-g78e40d7af6 (webtiles) character file.

Game seed: 5494973961542251084, levelgen mode: deterministic

252 RedPan the Chiller (level 5, -2/38 HPs)
             Began as a Draconian Ice Elementalist on Feb 6, 2020.
             Slain by a kobold
             ... wielding a +0 club
              (4 damage)
             ... in a sewer.
             The game lasted 00:05:30 (2883 turns).

RedPan the Chiller (Draconian Ice Elementalist)     Turns: 2883, Time: 00:05:31

Health: -2/38      AC:  5    Str: 10    XL:     5   Next: 89%
Magic:  2/10       EV: 12    Int: 17    God:
Gold:   90         SH:  0    Dex: 11    Spells: 3/11 levels left

rFire    . . .     SeeInvis .   k - +2 dagger (venom)
rCold    . . .     Gourm    .   (no shield)
rNeg     . . .     Faith    .   (armour unavailable)
rPois    .         Spirit   .   (helmet restricted)
rElec    .         Reflect  .   (no cloak)
rCorr    .         Harm     .   (no gloves)
MR       .....                  (no boots)
Stlth    +++.......             (no amulet)
HPRegen  0.12/turn              c - ring of stealth
MPRegen  0.12/turn              (no ring)

@: lethally poisoned (-2 -> -4), flying, very slightly contaminated
A: unfitting armour, cold-blooded, AC +5
a: no special abilities


You were in a sewer.
You were not hungry.

You visited 1 branch of the dungeon, and saw 3 of its levels.
You also visited: Sewer.

You collected 90 gold pieces.

Inventory:

Hand Weapons
 i - a +1 dagger of holy wrath
 k - a +2 dagger of venom (weapon)
Jewellery
 c - a ring of stealth (left hand)
Wands
 e - a wand of digging (9)
Scrolls
 f - a scroll of identify
 g - a scroll of teleportation
 h - a scroll of enchant weapon
Comestibles
 b - 3 rations
 d - 3 chunks of flesh


   Skills:
 - Level 2.0 Dodging
 - Level 2.0 Stealth
 + Level 3.8 Spellcasting
 + Level 2.1 Summonings
 + Level 5.4 Ice Magic


You had 3 spell levels left.
You knew the following spells:

 Your Spells              Type           Power        Failure   Level  Hunger
a - Freeze                Ice            ###.         1%          1    None
b - Summon Ice Beast      Ice/Summ       ###.....     32%         4    ####...
c - Ozocubu's Armour      Chrm/Ice       ##......     16%         3    ###....

Your spell library contained the following spells:

 Spells                   Type           Power        Failure   Level  Hunger
 Frozen Ramparts          Ice            ###...       4%          3    ###....
 Ensorcelled Hibernation  Hex/Ice        ##....       8%          2    ##.....
 Corona                   Hex            #......      16%         1    None
 Confusing Touch          Hex            #.......     43%         3    ###....
 Dazzling Flash           Conj/Hex       #.....       43%         3    ###....
 Tukima's Dance           Hex            #.......     43%         3    ###....
 Hailstorm                Conj/Ice       ##......     45%         4    ####...


Dungeon Overview and Level Annotations

Branches:
Dungeon (3/15)              Sewer (1/1)

Altars:
Dithmenos
The Shining One


Innate Abilities, Weirdness & Mutations

Your plain brown scales are hard. (AC +5)
You cannot fit into any form of body armour.
You are cold-blooded and may be slowed by cold attacks.


Message History

* * * LOW HITPOINT WARNING * * *
You feel sick.
Casting: Freeze (safe; 1% risk of failure)
Confirm with . or Enter, or press ? or * to list all spells.
Aiming: Freeze (safe; 1% risk of failure)
Press: ? - help, Shift-Dir - straight line, f - kobold
Aim: a kobold, wielding a +0 club You freeze the kobold.
The kobold is moderately wounded.
Casting: Freeze (safe; 1% risk of failure)
Confirm with . or Enter, or press ? or * to list all spells.
Aiming: Freeze (safe; 1% risk of failure)
Press: ? - help, Shift-Dir - straight line, f/p - kobold
Aim: a kobold, wielding a +0 club (moderately wounded)
You miscast Freeze.
You are very lightly contaminated with residual magic.
Nothing appears to happen.
* * * LOW HITPOINT WARNING * * *
You feel sick. The kobold hits you with a +0 club.
You die...

##≈≈≈## #.≈≈≈.# ###.≈≈≈.#
#∩..≈≈≈.# ###.≈≈≈.#
#.≈≈≈.# ##.≈≈≈≈##
#.≈≈≈≈≈.##################
#.≈≈≈≈≈≈K@≈≈≈≈≈≈≈≈≈≈≈≈≈≈≈≈
#≈.≈≈≈.)##################
#.≈≈≈≈(≈# #.≈≈≈≈(≈#
#≈≈≈≈≈K≈# #≈≈≈≈≈≈.#
#≈≈≈≈≈≈≈# #..≈≈h..#
#..≈.≈≈.#


You could see a kobold.

Vanquished Creatures
  A big kobold (Sewer)
  Jessica (D:2)
  Natasha (thrice) (D:2)
  A river rat (D:3)
  4 dart slugs
  4 leopard geckos
  A giant cockroach (D:2)
  16 goblins
  5 hobgoblins
  A jackal (Sewer)
  9 kobolds
  2 quokkas (D:2)
  5 bats
  13 rats
66 creatures vanquished.

Notes
Turn   | Place    | Note
-------+----------+-------------------------------------------
     0 | D:1      | RedPan the Draconian Ice Elementalist began the quest for
                  | the Orb.
     0 | D:1      | Reached XP level 1. HP: 14/14 MP: 3/3
   498 | D:1      | Reached XP level 2. HP: 20/20 MP: 3/5
  1188 | D:1      | Reached XP level 3. HP: 26/26 MP: 4/6
  1833 | D:2      | Found a shadowy altar of Dithmenos.
  1971 | D:2      | Noticed Natasha
  2040 | D:2      | Killed Natasha
  2040 | D:2      | Reached XP level 4. HP: 26/33 MP: 3/8
  2087 | D:2      | Learned a level 4 spell: Summon Ice Beast
  2091 | D:2      | Learned a level 3 spell: Ozocubu's Armour
  2145 | D:2      | Noticed Natasha
  2150 | D:2      | Killed Natasha
  2150 | D:2      | Reached skill level 5 in Ice Magic
  2267 | D:2      | Noticed Natasha
  2275 | D:2      | Killed Natasha
  2275 | D:2      | Reached skill level 1 in Summonings
  2409 | D:2      | Found a glowing golden altar of the Shining One.
  2448 | D:2      | Reached XP level 5. HP: 38/38 MP: 8/10
  2512 | D:2      | Noticed Jessica
  2528 | D:2      | Killed Jessica
  2769 | D:3      | Found a glowing drain.
  2774 | Sewer    | Entered a sewer
  2883 | Sewer    | Slain by a kobold

Levels and vault maps discovered:
D:1:      dpeg_arrival_subterranean_lakeside_camping, layout_loops_corners
D:2:      layout_rooms, grunt_dithmenos_smoke_and_mirrors, tso_metal_star,
          uniq_jessica, uniq_natasha
D:3:      layout_loops_corners, gup_sewer_entry_bowl, serial_forest,
          infiniplex_forest_lined_corner, infiniplex_forest_3_way,
          infiniplex_forest_clump_long, infiniplex_forest_corner_1,
          infiniplex_forest_straight_4, infiniplex_forest_diagonal,
          infiniplex_forest_zigzag_1, first_ration
Sewer:    sewer_kobolds

Skill      XL: |  1  2  3  4  5 |
---------------+----------------+-----
Dodging        | 2 |  2.0
Stealth        | 2 |  2.0
Spellcasting   | 3 |  3.8
Ice Magic      | 5 |  5.4
Summonings     | 1 2 |  2.1

Action                   |  1- 3 |  4- 6 || total
-------------------------+-------+-------++-------
Melee: Unarmed           |    10 |       ||    10
       Dagger            |    22 |     9 ||    31
       Tailslap          |     2 |       ||     2
 Cast: Freeze            |    66 |    33 ||    99
  Use: Scroll            |     6 |     1 ||     7
       Potion            |       |     1 ||     1
 Stab: Sleeping          |     3 |     4 ||     7
  Eat: Chunk             |     4 |     3 ||     7
Armor: Skin              |    24 |     6 ||    30
Dodge: Dodged            |    49 |    18 ||    67

Table legend:
 A = Non-vault XP
 B = Vault XP
 C = Vault XP percentage of total XP
 D = Non-vault monster count
 E = Vault monster count
 F = Vault count percentage of total count
                 A         B        C        D         E       F
            +---------+---------+-------+---------+---------+-------
      Total |     156 |     204 |  56.7 |      47 |      19 |  28.8
            +---------+---------+-------+---------+---------+-------
        D:1 |      53 |       8 |  13.1 |      26 |       6 |  18.8
        D:2 |     101 |      73 |  42.0 |      19 |       2 |   9.5
        D:3 |       2 |      17 |  89.5 |       2 |       3 |  60.0
      Sewer |       0 |     106 | 100.0 |       0 |       8 | 100.0
            +---------+---------+-------+---------+---------+-------
